 Dungeon Crawl Stone Soup version 0.18-a0-884-gb6cfd45 (webtiles) character file.

230 cluie the Chiller (level 5, -4/38 HPs)
             Began as a Demonspawn Ice Elementalist on Dec 22, 2015.
             Killed from afar by a gnoll (9 damage)
             ... with a wand of draining
             ... on level 2 of the Dungeon.
             The game lasted 00:03:34 (2078 turns).

cluie the Chiller (Demonspawn Ice Elementalist)     Turns: 2078, Time: 00:03:34

Health: -4/38      AC:  9    Str:  8    XL:     5   Next: 72%
Magic:  2/9        EV: 12    Int: 18    God:
Gold:   158        SH:  0    Dex: 13    Spells: 3 memorised, 2 levels left

rFire  . . .     SeeInvis .     (no weapon)
rCold  . . .     Gourm    .     a - +0 robe
rNeg   . . .     Faith    .     (no shield)
rPois  .         Spirit   .     d - +0 helmet
rElec  .         Dismiss  .     (no cloak)
rCorr  .         Reflect  .     (no gloves)
SustAt .         Harm     .     (no boots)
MR     .....                    (no amulet)
Stlth  ++........               (no ring)
                                (no ring)

@: icy armour (expiring), drained, not resistant to hostile enchantments,
unstealthy
A: claws 2, molten scales 1
a: no special abilities


You were on level 2 of the Dungeon.
You were not hungry.

You visited 1 branch of the dungeon, and saw 3 of its levels.

You collected 158 gold pieces.

Inventory:

Armour
 a - a +0 robe (worn)
 d - a +0 helmet (worn)
Scrolls
 e - a scroll of remove curse {unknown}
 g - 2 scrolls of teleportation
 m - a scroll of immolation {unknown}
Potions
 i - a potion of resistance
 j - a potion of curing {unknown}
 k - a potion of heal wounds {unknown}
 l - a potion of beneficial mutation {unknown}
 n - a potion of magic {unknown}
Books
 b - a book of Frost

   Spells                             Type                      Level
   a - Freeze                         Ice                          1
   b - Throw Frost                    Conjuration/Ice              2
   c - Ozocubu's Armour               Charms/Ice                   3
   d - Throw Icicle                   Conjuration/Ice              4
   e - Summon Ice Beast               Ice/Summoning                4
   f - Condensation Shield            Ice                          4
Comestibles
 c - 3 bread rations
 h - 2 slices of pizza


   Skills:
 + Level 2.2(1.8) Fighting
 + Level 3.0(2.5) Dodging
 - Level 1.7(1.3) Stealth
 + Level 3.0(2.6) Spellcasting
   Level 1.0(0.5) Conjurations
 + Level 0.6(0.1) Summonings
 + Level 4.0(3.5) Ice Magic


You had 2 spell levels left.
You knew the following spells:

 Your Spells              Type           Power        Failure   Level  Hunger
a - Freeze                Ice            ###.         4%          1    #......
b - Ozocubu's Armour      Chrm/Ice       #.......     30%         3    ###....
c - Summon Ice Beast      Ice/Summ       #.......     78%         4    #####..


Dungeon Overview and Level Annotations

Branches:
Dungeon (3/15)

Altars:


Innate Abilities, Weirdness & Mutations

You have very sharp fingernails.
You are partially covered in molten scales (AC +1).


Message History

The gnoll is severely wounded.
The gnoll closely misses you. The gnoll hits you but does no damage.
Casting: Freeze
Confirm with . or Enter, or press ? or * to list all spells.
Aiming: Freeze
Press: ? - help, Shift-Dir - straight line, f/p - gnoll
Aim: a gnoll, wielding a club (severely wounded)
You freeze the gnoll.
You kill the gnoll!
The gnoll zaps a wand.
The bolt of negative energy misses you.
It is a wand of draining.
Your icy armour starts to melt.
The gnoll hits you with a spear!
* * * LOW HITPOINT WARNING * * *
Things that are here:
a club; a gnoll corpse; an adder corpse You scratch the gnoll.
The gnoll is heavily wounded.
The gnoll zaps a wand.
The bolt of negative energy hits you!
You feel drained.
You die...

#....# #....#
#....################
#...>.....[..........
#....#########.###### #....#
#....... #....# ##############
#..g.# #............#
####@###......#####.#
#.#..........>.#.#
#.#.....#+#.##.#.#
#.#.....#.#.##.#.#
#.#.....#.#.##.#.#
#.......'.........
###############.....#.#.##.#.#
#...........(.........(..#.#.#
##.##################.####.#.#


You could see a gnoll.

Vanquished Creatures
  Sigmund (D:2)
  A gnoll (D:2)
  2 adders (D:2)
  3 oozes (D:1)
  4 giant geckos
  9 goblins
  8 hobgoblins
  5 bats
  3 giant newts
  5 kobolds
  4 rats
45 creatures vanquished.

Notes
Turn   | Place    | Note
--------------------------------------------------------------
     0 | D:1      | cluie the Demonspawn Ice Elementalist began the quest for the Orb.
     0 | D:1      | Reached XP level 1. HP: 13/13 MP: 3/3
   343 | D:1      | Gained mutation: You are partially covered in molten scales (AC +1). [demonic ancestry]
   343 | D:1      | Reached XP level 2. HP: 11/20 MP: 1/5
   396 | D:1      | Reached skill level 1 in Fighting
   532 | D:1      | Reached skill level 3 in Ice Magic
   592 | D:1      | Gained mutation: You have sharp fingernails. [demonic ancestry]
   592 | D:1      | Reached XP level 3. HP: 16/26 MP: 6/6
  1453 | D:2      | Learned a level 3 spell: Ozocubu's Armour
  1769 | D:2      | Noticed Sigmund
  1784 | D:2      | Killed Sigmund
  1784 | D:2      | Reached skill level 4 in Ice Magic
  1784 | D:2      | Reached XP level 4. HP: 14/33 MP: 3/8
  1784 | D:2      | Gained mutation: You have very sharp fingernails. [demonic ancestry]
  1784 | D:2      | Reached XP level 5. HP: 16/38 MP: 3/9
  2006 | D:2      | Learned a level 4 spell: Summon Ice Beast
  2078 | D:2      | Killed from afar by a gnoll

Vault maps used:
D:1:      erik_arrival_gehennom
D:2:      uniq_sigmund
D:3:      nicolae_gozag_seed_capital

Action                   |  1- 3 |  4- 6 || total
-------------------------+-------+-------++-------
Melee: Whip              |    35 |       ||    35
       Unarmed           |    93 |    11 ||   104
 Cast: Freeze            |    35 |     7 ||    42
       Ozocubu's Armour  |       |     1 ||     1
  Use: Scroll            |     2 |       ||     2
       Potion            |     1 |       ||     1
 Stab: Sleeping          |     2 |       ||     2
  Eat: Chunk             |     3 |     1 ||     4
